River Frogs vs Checkers
Created - April 2, 2021 at 20:55
Goals
|
River Frogs |
0 |
0 |
3 |
3 |
Checkers |
0 |
0 |
4 |
4 |
|
Shots
|
River Frogs |
8 |
5 |
14 |
27 |
Checkers |
4 |
13 |
16 |
33 |
|
1st period
No Goal
Penalties :
Justin Florek (Lou) for Hooking (Minor) at 9:40, Mitch Marner (Lou) for Tripping (Minor) at 14:48, Michael McCarron (Cha) for Interference (Minor) at 18:11
2nd period
No Goal
Penalties :
Matt Calvert (Lou) for Hooking (Minor) at 1:52, Ryan Fitzgerald (Lou) for Hooking (Minor) at 6:54, Jake Virtanen (Cha) for Hooking (Minor) at 12:25, Igor Bobkov (Cha) for Slashing (Minor) at 12:36 - Aaron Ekblad served the penalty
3rd period
1. Checkers , Matt Puempel 7 (Jake Virtanen 19) at 8:54
2. River Frogs , Shea Theodore 11 (Dominik Simon 31) at 11:24 (SH)
3. Checkers , Jerry D'Amigo 28 (Kerby Rychel 21, Michael Latta 55) at 12:15
4. River Frogs , Austin Watson 12 (Bobby Farnham 15, Aaron Ness 21) at 13:28
5. River Frogs , Emerson Etem 57 (Mitch Marner 27) at 14:52
6. Checkers , Michael McCarron 6 (Aaron Ekblad 51, Markus Nutivaara 32) at 16:06
7. Checkers , Kerby Rychel 24 (Michal Jordan 32, Michael Latta 56) at 16:59
Penalties :
Jared Knight (Lou) for Holding (Minor) at 9:29, Jake Virtanen (Cha) for Holding (Minor) at 19:15
Goalie Stats
Thomas Greiss (Lou), 29 saves from 33 shots - (0.879), L, 22-19-1, 59:10 minutes
Igor Bobkov (Cha), 24 saves from 27 shots - (0.889), W, 30-13-1, 60:00 minutes
Players Stats for River Frogs
Player Name G A P +/- PIM S H SB GA TA FO MP PP MP PK MP
------------------------------------------------------------------------------------
Aaron Ness 0 1 1 0 0 1 1 1 1 0 0/0 20:13 1:55 4:03
Andrew Gordon 0 0 0 -2 0 1 3 0 0 0 1/1 17:44 2:50 3:23
Austin Watson 1 0 1 2 0 2 2 0 0 0 0/0 11:11 0:15 1:59
Beau Starrett 0 0 0 1 0 0 0 0 0 0 2/5 8:17 0:00 0:00
Bobby Farnham 0 1 1 1 0 1 2 0 0 0 0/0 8:17 0:00 0:00
David Kolomatis 0 0 0 0 0 0 1 2 0 1 0/0 11:17 0:00 0:00
Dillon Heatherington 0 0 0 0 0 0 0 2 0 0 0/0 11:17 0:00 0:00
Dominik Simon 0 1 1 0 0 2 2 0 0 0 12/22 19:53 1:59 1:45
Emerson Etem 1 0 1 -1 0 8 1 0 3 0 6/10 23:25 2:25 5:10
Jared Knight 0 0 0 -2 2 0 0 0 0 0 3/5 11:17 0:04 0:00
Justin Florek 0 0 0 0 2 0 0 0 0 0 3/6 12:49 2:50 0:00
Matt Calvert 0 0 0 -2 2 1 2 1 0 1 0/0 16:05 2:13 2:35
Mitch Marner 0 1 1 -1 2 3 0 1 0 1 1/1 15:37 0:00 0:00
Morgan Rielly 0 0 0 0 0 1 3 1 0 1 0/0 21:52 1:55 4:03
Ondrej Kase 0 0 0 0 0 0 1 1 0 0 0/0 16:13 2:03 4:58
Roman Josi 0 0 0 -1 0 3 4 2 0 0 0/0 27:31 2:58 5:52
Ryan Fitzgerald 0 0 0 0 2 2 0 1 0 0 2/5 9:12 0:00 0:00
Shea Theodore 1 0 1 -1 0 2 1 3 0 0 0/0 27:50 2:58 5:52
Players Stats for Checkers
Player Name G A P +/- PIM S H SB GA TA FO MP PP MP PK MP
------------------------------------------------------------------------------------
Aaron Ekblad 0 1 1 1 0 1 2 2 0 1 0/0 27:17 5:52 1:29
Aleksander Barkov 0 0 0 -2 0 3 3 0 0 0 11/22 19:39 5:25 0:00
Jake Virtanen 0 1 1 1 4 0 1 2 1 0 0/0 11:46 0:00 0:07
Jerry D'Amigo 1 0 1 2 0 2 0 0 1 0 0/0 16:23 4:30 0:20
Jonathan Huberdeau 0 0 0 -2 0 2 3 1 0 0 0/1 20:14 5:25 0:35
Kerby Rychel 1 1 2 2 0 1 0 0 0 0 0/0 16:03 4:30 0:00
Markus Nutivaara 0 1 1 1 0 2 1 2 0 1 0/0 26:00 5:52 0:26
Matt Puempel 1 0 1 1 0 2 3 1 0 0 0/1 11:41 0:00 0:00
Michael Latta 0 2 2 2 0 3 2 0 0 0 7/16 19:14 4:30 2:57
Michael McCarron 1 0 1 0 2 2 2 0 0 0 0/0 7:35 0:00 0:00
Michal Jordan 0 1 1 -1 0 2 0 2 0 1 0/0 21:21 4:03 2:09
Mitchell Heard 0 0 0 0 0 4 1 0 1 1 1/3 7:30 0:00 0:00
Niklas Hansson 0 0 0 1 0 2 0 1 0 0 0/0 13:05 0:00 2:44
Quinton Howden 0 0 0 1 0 2 0 0 0 0 1/6 13:14 0:00 1:33
Roberts Lipsbergs 0 0 0 0 0 2 0 0 0 0 0/0 7:30 0:00 0:00
Tobias Rieder 0 0 0 -2 0 2 0 1 1 0 5/6 22:19 5:25 2:26
Viktor Baldayev 0 0 0 1 0 0 3 1 0 0 0/0 11:04 0:00 0:49
William Colbert 0 0 0 -1 0 1 2 1 0 0 0/0 21:21 4:03 2:09
3 Stars
1 - Kerby Rychel (Cha)
2 - Michael Latta (Cha)
3 - Matt Puempel (Cha)
Power Play
River Frogs - 0 on 4 Attempt(s) - 0.00%
Checkers - 0 on 5 Attempt(s) - 0.00%
Penalty Kill
River Frogs - 5 on 5 Attempt(s) - 100.00%
- Score 1 goal in Penalty Kill
Checkers - 4 on 4 Attempt(s) - 100.00%
- Score 0 goal in Penalty Kill
Team Stat
River Frogs - Hits : 23 - Faceoff Wins : 30 - Blocked Shots : 15 - Penalty Minutes : 10
Checkers - Hits : 23 - Faceoff Wins : 25 - Blocked Shots : 14 - Penalty Minutes : 8
Official
Referees : Unknown
Linesman : Unknown
Game Notes
No Game Note
Finance
Level 1 -- Attendance: 2000 (100.00%) -- Ticket Income $60,000
Level 2 -- Attendance: 741 (74.10%) -- Ticket Income $14,820
Total Attendance: 2741 (91.37%)
Total Ticket Income: $74,820
Other Income: $3,741
Total Income: $78,561
River Frogs
5 vs 5 Forward
Center Left Wing Right Wing Time % Phy DF OF
1 Dominik Simon Emerson Etem Mitch Marner 40 1 2 2
2 Jared Knight Matt Calvert Andrew Gordon 30 1 2 2
3 Ryan Fitzgerald Justin Florek Ondrej Kase 20 1 2 2
4 Beau Starrett Austin Watson Bobby Farnham 10 1 2 2
5 vs 5 Defense
Defense Defense Time % Phy DF OF
1 Roman Josi Shea Theodore 40 1 2 2
2 Morgan Rielly Aaron Ness 30 1 2 2
3 David Kolomatis Dillon Heatherington 20 1 2 2
4 Morgan Rielly Roman Josi 10 1 2 2
PowerPlay Forward
Center Left Wing Right Wing Time % Phy DF OF
1 Justin Florek Emerson Etem Andrew Gordon 60 1 2 2
2 Dominik Simon Matt Calvert Ondrej Kase 40 1 2 2
PowerPlay Defense
Defense Defense Time % Phy DF OF
1 Roman Josi Shea Theodore 60 1 2 2
2 Morgan Rielly Aaron Ness 40 1 2 2
Penalty Kill 4 Players Forward
Center Wing Time % Phy DF OF
1 Emerson Etem Ondrej Kase 60 1 2 2
2 Andrew Gordon Matt Calvert 40 1 2 2
Penalty Kill 4 Players Defense
Defense Defense Time % Phy DF OF
1 Roman Josi Shea Theodore 60 1 2 2
2 Morgan Rielly Aaron Ness 40 1 2 2
Penalty Kill - 3 Players Forward
Forward Time % Phy DF OF
1 Emerson Etem 60 1 2 2
2 Andrew Gordon 40 1 2 2
Penalty Kill - 3 Players Defense
Defense Defense Time % Phy DF OF
1 Roman Josi Shea Theodore 60 1 2 2
2 Morgan Rielly Aaron Ness 40 1 2 2
4 vs 4 Forward
Center Wing Time % Phy DF OF
1 Emerson Etem Dominik Simon 60 1 2 2
2 Andrew Gordon Matt Calvert 40 1 2 2
4 vs 4 Defense
Defense Defense Time % Phy DF OF
1 Roman Josi Shea Theodore 60 1 2 2
2 Morgan Rielly Aaron Ness 40 1 2 2
Last Minutes Offensive
Center Left Wing Right Wing Defense Defense
Matt Calvert Emerson Etem Andrew Gordon Roman Josi Shea Theodore
Last Minutes Defensive
Center Left Wing Right Wing Defense Defense
Matt Calvert Emerson Etem Andrew Gordon Roman Josi Shea Theodore
Goaltenders
Starting : Thomas Greiss
Backup : Eric Comrie
Extra Forwards
Normal : Emerson Etem, Matt Calvert, Andrew Gordon - PP : Emerson Etem, Matt Calvert - PK : Emerson Etem
Extra Defensemen
Normal : David Kolomatis, Dillon Heatherington, Roman Josi - PP : David Kolomatis - PK : Dillon Heatherington, Roman Josi
Penalty Shots
Emerson Etem, Dominik Simon, Andrew Gordon, Matt Calvert, Justin Florek
Scratches
Joakim Nordstrom (Healthy), Matt Grzelcyk (Healthy), Cameron Hughes (Healthy), Maxim Mamin (Healthy), Francis Perron (Healthy)
Richard Nejezchleb (Healthy), Phoenix Copley (Healthy)
Checkers
5 vs 5 Forward
Center Left Wing Right Wing Time % Phy DF OF
1 Aleksander Barkov Jonathan Huberdeau Tobias Rieder 40 0 2 3
2 Michael Latta Kerby Rychel Jerry D'Amigo 30 0 2 3
3 Quinton Howden Matt Puempel Jake Virtanen 20 0 3 2
4 Mitchell Heard Roberts Lipsbergs Michael McCarron 10 1 2 2
5 vs 5 Defense
Defense Defense Time % Phy DF OF
1 Aaron Ekblad Markus Nutivaara 40 0 2 3
2 Michal Jordan William Colbert 30 0 2 3
3 Niklas Hansson Viktor Baldayev 20 1 2 2
4 Aaron Ekblad Markus Nutivaara 10 0 2 3
PowerPlay Forward
Center Left Wing Right Wing Time % Phy DF OF
1 Aleksander Barkov Jonathan Huberdeau Tobias Rieder 60 0 1 4
2 Michael Latta Kerby Rychel Jerry D'Amigo 40 0 1 4
PowerPlay Defense
Defense Defense Time % Phy DF OF
1 Aaron Ekblad Markus Nutivaara 60 0 2 3
2 Michal Jordan William Colbert 40 0 2 3
Penalty Kill 4 Players Forward
Center Wing Time % Phy DF OF
1 Michael Latta Tobias Rieder 60 1 3 1
2 Quinton Howden Jerry D'Amigo 40 1 3 1
Penalty Kill 4 Players Defense
Defense Defense Time % Phy DF OF
1 Aaron Ekblad Niklas Hansson 60 1 4 0
2 William Colbert Michal Jordan 40 1 4 0
Penalty Kill - 3 Players Forward
Forward Time % Phy DF OF
1 Michael Latta 60 1 3 1
2 Tobias Rieder 40 1 3 1
Penalty Kill - 3 Players Defense
Defense Defense Time % Phy DF OF
1 Aaron Ekblad Niklas Hansson 60 1 4 0
2 Michal Jordan William Colbert 40 1 4 0
4 vs 4 Forward
Center Wing Time % Phy DF OF
1 Aleksander Barkov Jonathan Huberdeau 60 0 2 3
2 Michael Latta Tobias Rieder 40 0 2 3
4 vs 4 Defense
Defense Defense Time % Phy DF OF
1 Aaron Ekblad Markus Nutivaara 60 0 2 3
2 Michal Jordan William Colbert 40 0 2 3
Last Minutes Offensive
Center Left Wing Right Wing Defense Defense
Aleksander Barkov Jonathan Huberdeau Tobias Rieder Aaron Ekblad Markus Nutivaara
Last Minutes Defensive
Center Left Wing Right Wing Defense Defense
Michael Latta Kerby Rychel Tobias Rieder Aaron Ekblad Niklas Hansson
Goaltenders
Starting : Igor Bobkov
Backup : Garret Sparks
Extra Forwards
Normal : Jake Virtanen, Jonathan Huberdeau, Aleksander Barkov - PP : Jake Virtanen, Jonathan Huberdeau - PK : Michael Latta
Extra Defensemen
Normal : Michal Jordan, Aaron Ekblad, Markus Nutivaara - PP : Aaron Ekblad - PK : Viktor Baldayev, Aaron Ekblad
Penalty Shots
Aleksander Barkov, Tobias Rieder, Jonathan Huberdeau, Michael Latta, Kerby Rychel
Scratches
Juuso Ikonen (Healthy), Keaton Thompson (Healthy), Kyle Platzer (Healthy), Connor Honey (Healthy), Lukas Vejdemo (Healthy)
John Draeger (Sore Left Knee Injury), Dmytro Timashov (Healthy), Anton Zlobin (Healthy), Nelson Nogier (Healthy), Jake Walman (Healthy)
Marek Langhamer (Healthy)
% Time on Ice - River Frogs
Lines # - Real PCT - Wanted PCT - Time Play
Normal Forward
1 - 36% - 40% - 16:27
2 - 25% - 30% - 11:18
3 - 20% - 20% - 9:10
4 - 18% - 10% - 8:17
Normal Defense
1 - 41% - 40% - 18:26
2 - 32% - 30% - 14:15
3 - 25% - 20% - 11:17
4 - 3% - 10% - 1:14
PP Forward
1 - 58% - 60% - 2:50
2 - 42% - 40% - 2:03
PP Defense
1 - 61% - 60% - 2:58
2 - 39% - 40% - 1:55
PK Forward
1 - 66% - 60% - 6:32
2 - 34% - 40% - 3:23
PK Defense
1 - 59% - 60% - 5:52
2 - 41% - 40% - 4:03
PK3 Forward
1 - 0% - 60%
2 - 0% - 40%
PK3 Defense
1 - 0% - 60%
2 - 0% - 40%
44 Forward
1 - 0% - 60%
2 - 0% - 40%
44 Defense
1 - 0% - 60%
2 - 0% - 40%
Last Minute Offensive - 0:00
Last Minute Defensive - 0:00
Total
Forward - 60:00
Defense - 60:00
|
% Time on Ice - Checkers
Lines # - Real PCT - Wanted PCT - Time Play
Normal Forward
1 - 32% - 40% - 14:28
2 - 26% - 30% - 11:33
3 - 26% - 20% - 11:41
4 - 17% - 10% - 7:30
Normal Defense
1 - 42% - 40% - 19:00
2 - 34% - 30% - 15:09
3 - 22% - 20% - 9:52
4 - 3% - 10% - 1:11
PP Forward
1 - 55% - 60% - 5:25
2 - 45% - 40% - 4:30
PP Defense
1 - 59% - 60% - 5:52
2 - 41% - 40% - 4:03
PK Forward
1 - 89% - 60% - 2:45
2 - 11% - 40% - 0:20
PK Defense
1 - 54% - 60% - 1:40
2 - 46% - 40% - 1:25
PK3 Forward
1 - 79% - 60% - 1:25
2 - 21% - 40% - 0:23
PK3 Defense
1 - 59% - 60% - 1:04
2 - 41% - 40% - 0:44
44 Forward
1 - 0% - 60%
2 - 0% - 40%
44 Defense
1 - 0% - 60%
2 - 0% - 40%
Last Minute Offensive - 0:00
Last Minute Defensive - 0:00
Total
Forward - 60:00
Defense - 60:00
|
Play-by-Play
1st period
0:01 of 1st period - Dominik Simon wins face-off versus Aleksander Barkov in neutral zone.
0:26 of 1st period - Matt Calvert is hit by Michael Latta and loses puck.
0:37 of 1st period - Wrist shot by Michael Latta.
0:37 of 1st period - Stopped by Thomas Greiss without a rebound.
0:38 of 1st period - Quinton Howden wins face-off versus Ryan Fitzgerald in River Frogs zone.
0:49 of 1st period - Wrist shot by Justin Florek.
0:49 of 1st period - Deflect By Ryan Fitzgerald.
0:49 of 1st period - Stopped by Igor Bobkov without a rebound.
0:50 of 1st period - Mitchell Heard wins face-off versus Beau Starrett in Checkers zone.
0:50 of 1st period - Mitchell Heard is hit by David Kolomatis.
1:06 of 1st period - Slapshot by Mitchell Heard.
1:06 of 1st period - Shot Misses the Net.
2:04 of 1st period - Aaron Ness is hit by Matt Puempel and loses puck.
2:16 of 1st period - Icing by Markus Nutivaara.
2:17 of 1st period - Beau Starrett wins face-off versus Matt Puempel in Checkers zone.
2:22 of 1st period - Snap shot by Dominik Simon.
2:22 of 1st period - Stopped by Igor Bobkov with a rebound.
2:26 of 1st period - Snap shot by Dominik Simon.
2:26 of 1st period - Deflect By Emerson Etem.
2:26 of 1st period - Shot Misses the Net.
2:26 of 1st period - Puck is out of play.
2:27 of 1st period - Dominik Simon wins face-off versus Aleksander Barkov in Checkers zone.
2:36 of 1st period - Slapshot by Mitch Marner.
2:36 of 1st period - Shot Hit the Post.
2:38 of 1st period - Snap shot by Roman Josi.
2:38 of 1st period - Stopped by Igor Bobkov with a rebound.
2:48 of 1st period - Wrist shot by Emerson Etem.
2:48 of 1st period - Stopped by Igor Bobkov with a rebound.
2:50 of 1st period - Slapshot by Shea Theodore.
2:50 of 1st period - Shot Blocked by Michal Jordan.
2:52 of 1st period - Snap shot by Emerson Etem.
2:52 of 1st period - Shot Misses the Net.
2:54 of 1st period - Slapshot by Roman Josi.
2:54 of 1st period - Deflect By Dominik Simon.
2:54 of 1st period - Shot Misses the Net.
2:54 of 1st period - Puck is out of play.
2:55 of 1st period - Jared Knight wins face-off versus Michael Latta in Checkers zone.
2:58 of 1st period - Wrist shot by Matt Calvert.
2:58 of 1st period - Stopped by Igor Bobkov without a rebound.
2:59 of 1st period - Michael Latta wins face-off versus Jared Knight in Checkers zone.
3:30 of 1st period - Snap shot by Ondrej Kase.
3:30 of 1st period - Shot Misses the Net.
4:10 of 1st period - Slapshot by Roman Josi.
4:10 of 1st period - Shot Misses the Net.
4:22 of 1st period - Dillon Heatherington is hit by Viktor Baldayev and loses puck.
4:59 of 1st period - Wrist shot by Emerson Etem.
4:59 of 1st period - Shot Misses the Net.
5:09 of 1st period - Ondrej Kase is hit by Michael McCarron and loses puck.
5:30 of 1st period - Snap shot by Matt Puempel.
5:30 of 1st period - Stopped by Thomas Greiss with a rebound.
5:40 of 1st period - Niklas Hansson is hit by Morgan Rielly.
6:42 of 1st period - Wrist shot by Mitchell Heard.
6:42 of 1st period - Deflect By Roberts Lipsbergs.
6:42 of 1st period - Stopped by Thomas Greiss with a rebound.
6:52 of 1st period - Jared Knight is hit by Matt Puempel and loses puck.
7:30 of 1st period - Aaron Ness is hit by Jonathan Huberdeau.
7:53 of 1st period - Shea Theodore is hit by Michael McCarron and loses puck.
8:16 of 1st period - Aaron Ekblad is hit by Bobby Farnham and loses puck.
8:25 of 1st period - Bobby Farnham is hit by Matt Puempel and loses puck.
8:46 of 1st period - Icing by Shea Theodore.
8:47 of 1st period - Mitch Marner wins face-off versus Aleksander Barkov in River Frogs zone.
8:56 of 1st period - Snap shot by Mitch Marner.
8:56 of 1st period - Stopped by Igor Bobkov without a rebound.
8:57 of 1st period - Dominik Simon wins face-off versus Tobias Rieder in Checkers zone.
9:12 of 1st period - Snap shot by Emerson Etem.
9:12 of 1st period - Shot Misses the Net.
9:40 of 1st period - Minor Penalty to Justin Florek for Hooking.
9:41 of 1st period - Aleksander Barkov wins face-off versus Emerson Etem in River Frogs zone.
10:44 of 1st period - Snap shot by Morgan Rielly.
10:44 of 1st period - Stopped by Igor Bobkov with a rebound.
11:40 of 1st period - Penalty to Justin Florek is over, Justin Florek is back on ice.
11:40 of 1st period - Jonathan Huberdeau is hit by Roman Josi and loses puck.
11:49 of 1st period - Shea Theodore is hit by Viktor Baldayev and loses puck.
12:28 of 1st period - Slapshot by Matt Calvert.
12:28 of 1st period - Shot Misses the Net.
12:30 of 1st period - Snap shot by Roman Josi.
12:30 of 1st period - Shot Blocked by Viktor Baldayev.
12:32 of 1st period - Wrist shot by Andrew Gordon.
12:32 of 1st period - Stopped by Igor Bobkov without a rebound.
12:33 of 1st period - Jared Knight wins face-off versus Mitchell Heard in Checkers zone.
13:41 of 1st period - Emerson Etem is hit by Aleksander Barkov and loses puck.
14:06 of 1st period - Snap shot by Michael McCarron.
14:06 of 1st period - Deflect By Roberts Lipsbergs.
14:06 of 1st period - Shot Blocked by Dillon Heatherington.
14:06 of 1st period - Puck is out of play.
14:07 of 1st period - Tobias Rieder wins face-off versus Ryan Fitzgerald in River Frogs zone.
14:48 of 1st period - Minor Penalty to Mitch Marner for Tripping.
14:49 of 1st period - Emerson Etem wins face-off versus Aleksander Barkov in River Frogs zone.
15:04 of 1st period - Shea Theodore is hit by Jonathan Huberdeau and loses puck.
15:20 of 1st period - Slapshot by Michal Jordan.
15:20 of 1st period - Stopped by Thomas Greiss with a rebound.
16:48 of 1st period - Penalty to Mitch Marner is over, Mitch Marner is back on ice.
16:59 of 1st period - Slapshot by Morgan Rielly.
16:59 of 1st period - Shot Blocked by Niklas Hansson.
17:46 of 1st period - Quinton Howden is hit by Emerson Etem and loses puck.
17:57 of 1st period - Aaron Ekblad is hit by Austin Watson and loses puck.
18:11 of 1st period - Minor Penalty to Michael McCarron for Interference.
18:12 of 1st period - Tobias Rieder wins face-off versus Justin Florek in Checkers zone.
Goals for this period are 0 for River Frogs vs 0 for Checkers.
Shots for this period are 8 for River Frogs vs 4 for Checkers.
2nd period
0:01 of 2nd period - Justin Florek wins face-off versus Michael Latta in neutral zone.
0:06 of 2nd period - Niklas Hansson is hit by Andrew Gordon.
0:10 of 2nd period - Snap shot by Justin Florek.
0:10 of 2nd period - Shot Misses the Net.
0:11 of 2nd period - Penalty to Michael McCarron is over, Michael McCarron is back on ice.
0:16 of 2nd period - Slapshot by Shea Theodore.
0:16 of 2nd period - Deflect By Emerson Etem.
0:16 of 2nd period - Shot Blocked by Aaron Ekblad.
0:16 of 2nd period - Puck is out of play.
0:17 of 2nd period - Tobias Rieder wins face-off versus Dominik Simon in Checkers zone.
0:28 of 2nd period - Wrist shot by Jonathan Huberdeau.
0:28 of 2nd period - Shot Misses the Net.
1:07 of 2nd period - Snap shot by Matt Puempel.
1:07 of 2nd period - Deflect By Quinton Howden.
1:07 of 2nd period - Stopped by Thomas Greiss without a rebound.
1:08 of 2nd period - Dominik Simon wins face-off versus Quinton Howden in River Frogs zone.
1:13 of 2nd period - Backhand shot by Shea Theodore.
1:13 of 2nd period - Stopped by Igor Bobkov without a rebound.
1:14 of 2nd period - Tobias Rieder wins face-off versus Emerson Etem in Checkers zone.
1:14 of 2nd period - Tobias Rieder is hit by Dominik Simon.
1:30 of 2nd period - Snap shot by Jonathan Huberdeau.
1:30 of 2nd period - Stopped by Thomas Greiss without a rebound.
1:31 of 2nd period - Jared Knight wins face-off versus Michael Latta in River Frogs zone.
1:52 of 2nd period - Minor Penalty to Matt Calvert for Hooking.
1:53 of 2nd period - Aleksander Barkov wins face-off versus Emerson Etem in River Frogs zone.
1:56 of 2nd period - Wrist shot by Aleksander Barkov.
1:56 of 2nd period - Shot Blocked by Ondrej Kase.
2:27 of 2nd period - Wrist shot by Kerby Rychel.
2:27 of 2nd period - Shot Misses the Net.
3:52 of 2nd period - Penalty to Matt Calvert is over, Matt Calvert is back on ice.
4:02 of 2nd period - Matt Puempel is hit by Roman Josi and loses puck.
4:19 of 2nd period - Wrist shot by Mitchell Heard.
4:19 of 2nd period - Stopped by Thomas Greiss without a rebound.
4:20 of 2nd period - Ryan Fitzgerald wins face-off versus Quinton Howden in River Frogs zone.
4:43 of 2nd period - Dominik Simon is hit by Mitchell Heard and loses puck.
4:55 of 2nd period - Icing by Niklas Hansson.
4:56 of 2nd period - Michael Latta wins face-off versus Beau Starrett in Checkers zone.
5:27 of 2nd period - Wrist shot by Jonathan Huberdeau.
5:27 of 2nd period - Shot Misses the Net.
5:45 of 2nd period - Backhand shot by Quinton Howden.
5:45 of 2nd period - Shot Misses the Net.
5:47 of 2nd period - Wrist shot by Niklas Hansson.
5:47 of 2nd period - Stopped by Thomas Greiss without a rebound.
5:48 of 2nd period - Emerson Etem wins face-off versus Quinton Howden in River Frogs zone.
6:00 of 2nd period - Slapshot by Markus Nutivaara.
6:00 of 2nd period - Deflect By Shea Theodore.
6:00 of 2nd period - Stopped by Thomas Greiss without a rebound.
6:01 of 2nd period - Aleksander Barkov wins face-off versus Dominik Simon in River Frogs zone.
6:02 of 2nd period - Wrist shot by Tobias Rieder.
6:02 of 2nd period - Shot Blocked by Mitch Marner.
6:10 of 2nd period - Snap shot by Jonathan Huberdeau.
6:10 of 2nd period - Stopped by Thomas Greiss with a rebound.
6:12 of 2nd period - Snap shot by Aleksander Barkov.
6:12 of 2nd period - Shot Blocked by Shea Theodore.
6:54 of 2nd period - Minor Penalty to Ryan Fitzgerald for Hooking.
6:55 of 2nd period - Emerson Etem wins face-off versus Aleksander Barkov in River Frogs zone.
7:05 of 2nd period - Snap shot by Aleksander Barkov.
7:05 of 2nd period - Stopped by Thomas Greiss with a rebound.
7:07 of 2nd period - Backhand shot by Aleksander Barkov.
7:07 of 2nd period - Shot Blocked by Roman Josi.
7:29 of 2nd period - Slapshot by Kerby Rychel.
7:29 of 2nd period - Shot Blocked by Roman Josi.
8:54 of 2nd period - Penalty to Ryan Fitzgerald is over, Ryan Fitzgerald is back on ice.
9:59 of 2nd period - Snap shot by Justin Florek.
9:59 of 2nd period - Shot Misses the Net.
10:23 of 2nd period - Michal Jordan is hit by Andrew Gordon and loses puck.
11:52 of 2nd period - Snap shot by Bobby Farnham.
11:52 of 2nd period - Stopped by Igor Bobkov without a rebound.
11:53 of 2nd period - Beau Starrett wins face-off versus Quinton Howden in Checkers zone.
11:53 of 2nd period - Beau Starrett is hit by Viktor Baldayev.
12:07 of 2nd period - Slapshot by Shea Theodore.
12:07 of 2nd period - Shot Blocked by Jake Virtanen.
12:25 of 2nd period - Minor Penalty to Jake Virtanen for Hooking.
12:26 of 2nd period - Andrew Gordon wins face-off versus Michael Latta in Checkers zone.
12:30 of 2nd period - Snap shot by Emerson Etem.
12:30 of 2nd period - Shot Hit the Post.
12:36 of 2nd period - Wrist shot by Emerson Etem.
12:36 of 2nd period - Stopped by Igor Bobkov without a rebound.
12:36 of 2nd period - Minor Penalty to Igor Bobkov for Slashing.
12:37 of 2nd period - Justin Florek wins face-off versus Michael Latta in Checkers zone.
13:25 of 2nd period - William Colbert is hit by Morgan Rielly.
13:47 of 2nd period - Quinton Howden is hit by Morgan Rielly.
14:25 of 2nd period - Penalty to Jake Virtanen is over, Jake Virtanen is back on ice.
14:31 of 2nd period - Wrist shot by Quinton Howden.
14:31 of 2nd period - Stopped by Thomas Greiss without a rebound.
14:32 of 2nd period - Michael Latta wins face-off versus Justin Florek in River Frogs zone.
14:36 of 2nd period - Penalty to Aaron Ekblad is over, Aaron Ekblad is back on ice.
14:37 of 2nd period - Wrist shot by Aaron Ekblad.
14:37 of 2nd period - Shot Misses the Net.
14:51 of 2nd period - Slapshot by Aleksander Barkov.
14:51 of 2nd period - Stopped by Thomas Greiss with a rebound.
14:53 of 2nd period - Slapshot by Niklas Hansson.
14:53 of 2nd period - Stopped by Thomas Greiss with a rebound.
14:55 of 2nd period - Slapshot by Tobias Rieder.
14:55 of 2nd period - Stopped by Thomas Greiss with a rebound.
15:33 of 2nd period - Snap shot by Quinton Howden.
15:33 of 2nd period - Shot Misses the Net.
15:47 of 2nd period - Snap shot by Quinton Howden.
15:47 of 2nd period - Deflect By Aleksander Barkov.
15:47 of 2nd period - Shot Misses the Net.
15:47 of 2nd period - Puck is out of play.
15:48 of 2nd period - Dominik Simon wins face-off versus Jonathan Huberdeau in River Frogs zone.
15:48 of 2nd period - Dominik Simon is hit by William Colbert.
15:54 of 2nd period - Snap shot by Emerson Etem.
15:54 of 2nd period - Shot Misses the Net.
15:56 of 2nd period - Wrist shot by Emerson Etem.
15:56 of 2nd period - Stopped by Igor Bobkov with a rebound.
16:28 of 2nd period - Wrist shot by Quinton Howden.
16:28 of 2nd period - Shot Misses the Net.
16:30 of 2nd period - Wrist shot by Matt Puempel.
16:30 of 2nd period - Shot Blocked by Ryan Fitzgerald.
17:26 of 2nd period - Kerby Rychel is hit by Andrew Gordon and loses puck.
17:33 of 2nd period - Slapshot by Kerby Rychel.
17:33 of 2nd period - Shot Blocked by David Kolomatis.
17:35 of 2nd period - Snap shot by Jerry D'Amigo.
17:35 of 2nd period - Shot Misses the Net.
18:13 of 2nd period - Austin Watson is hit by Aleksander Barkov and loses puck.
18:24 of 2nd period - Aleksander Barkov is hit by Austin Watson and loses puck.
18:39 of 2nd period - Snap shot by Aaron Ekblad.
18:39 of 2nd period - Stopped by Thomas Greiss with a rebound.
18:41 of 2nd period - Backhand shot by Jonathan Huberdeau.
18:41 of 2nd period - Shot Misses the Net.
18:50 of 2nd period - Off-side.
18:51 of 2nd period - Dominik Simon wins face-off versus Michael Latta in neutral zone.
18:56 of 2nd period - Wrist shot by Mitch Marner.
18:56 of 2nd period - Stopped by Igor Bobkov without a rebound.
18:57 of 2nd period - Michael Latta wins face-off versus Dominik Simon in Checkers zone.
19:02 of 2nd period - Slapshot by Michal Jordan.
19:02 of 2nd period - Stopped by Thomas Greiss with a rebound.
19:08 of 2nd period - Slapshot by Morgan Rielly.
19:08 of 2nd period - Deflect By Emerson Etem.
19:08 of 2nd period - Deflect By Jerry D'Amigo.
19:08 of 2nd period - Shot Misses the Net.
19:08 of 2nd period - Puck is out of play.
19:09 of 2nd period - Michael Latta wins face-off versus Dominik Simon in Checkers zone.
19:24 of 2nd period - Snap shot by Mitch Marner.
19:24 of 2nd period - Shot Blocked by Aaron Ekblad.
19:34 of 2nd period - Aleksander Barkov is hit by Matt Calvert and loses puck.
Goals for this period are 0 for River Frogs vs 0 for Checkers.
Shots for this period are 5 for River Frogs vs 13 for Checkers.
3rd period
0:01 of 3rd period - Aleksander Barkov wins face-off versus Dominik Simon in neutral zone.
0:01 of 3rd period - Markus Nutivaara is hit by Dominik Simon and loses puck.
0:05 of 3rd period - Aaron Ekblad is hit by Roman Josi.
1:34 of 3rd period - Slapshot by Mitchell Heard.
1:34 of 3rd period - Shot Blocked by David Kolomatis.
1:36 of 3rd period - Snap shot by Mitchell Heard.
1:36 of 3rd period - Shot Misses the Net.
1:38 of 3rd period - Wrist shot by Aaron Ekblad.
1:38 of 3rd period - Shot Misses the Net.
1:40 of 3rd period - Slapshot by Mitchell Heard.
1:40 of 3rd period - Stopped by Thomas Greiss without a rebound.
1:41 of 3rd period - Dominik Simon wins face-off versus Aleksander Barkov in River Frogs zone.
1:48 of 3rd period - Snap shot by Emerson Etem.
1:48 of 3rd period - Stopped by Igor Bobkov without a rebound.
1:49 of 3rd period - Dominik Simon wins face-off versus Aleksander Barkov in Checkers zone.
1:52 of 3rd period - Slapshot by Emerson Etem.
1:52 of 3rd period - Stopped by Igor Bobkov with a rebound.
1:54 of 3rd period - Slapshot by Emerson Etem.
1:54 of 3rd period - Shot Blocked by Jonathan Huberdeau.
2:33 of 3rd period - Jake Virtanen is hit by Aaron Ness and loses puck.
3:00 of 3rd period - Snap shot by Mitchell Heard.
3:00 of 3rd period - Stopped by Thomas Greiss with a rebound.
3:12 of 3rd period - Emerson Etem is hit by William Colbert and loses puck.
3:48 of 3rd period - Snap shot by Michael Latta.
3:48 of 3rd period - Stopped by Thomas Greiss with a rebound.
4:20 of 3rd period - Snap shot by Mitchell Heard.
4:20 of 3rd period - Stopped by Thomas Greiss without a rebound.
4:21 of 3rd period - Dominik Simon wins face-off versus Mitchell Heard in River Frogs zone.
4:34 of 3rd period - Snap shot by Emerson Etem.
4:34 of 3rd period - Stopped by Igor Bobkov with a rebound.
4:54 of 3rd period - Matt Calvert is hit by Aaron Ekblad and loses puck.
6:09 of 3rd period - Dominik Simon is hit by Markus Nutivaara and loses puck.
6:14 of 3rd period - Slapshot by Michal Jordan.
6:14 of 3rd period - Shot Misses the Net.
6:16 of 3rd period - Slapshot by William Colbert.
6:16 of 3rd period - Stopped by Thomas Greiss with a rebound.
6:18 of 3rd period - Wrist shot by Roberts Lipsbergs.
6:18 of 3rd period - Stopped by Thomas Greiss with a rebound.
6:20 of 3rd period - Wrist shot by Michael McCarron.
6:20 of 3rd period - Stopped by Thomas Greiss without a rebound.
6:21 of 3rd period - Ryan Fitzgerald wins face-off versus Michael Latta in River Frogs zone.
6:32 of 3rd period - Michael Latta is hit by Ondrej Kase and loses puck.
6:58 of 3rd period - Snap shot by Aleksander Barkov.
6:58 of 3rd period - Shot Misses the Net.
7:07 of 3rd period - Icing by Jonathan Huberdeau.
7:08 of 3rd period - Aleksander Barkov wins face-off versus Beau Starrett in Checkers zone.
7:23 of 3rd period - Snap shot by Austin Watson.
7:23 of 3rd period - Stopped by Igor Bobkov with a rebound.
8:22 of 3rd period - Michael McCarron is hit by Bobby Farnham.
8:38 of 3rd period - Slapshot by Shea Theodore.
8:38 of 3rd period - Shot Blocked by Tobias Rieder.
8:54 of 3rd period - Snap shot by Matt Puempel.
8:54 of 3rd period - Goal by Matt Puempel - River Frogs : 0 - Checkers : 1.
8:55 of 3rd period - Emerson Etem wins face-off versus Aleksander Barkov in neutral zone.
9:02 of 3rd period - Snap shot by Tobias Rieder.
9:02 of 3rd period - Stopped by Thomas Greiss without a rebound.
9:03 of 3rd period - Aleksander Barkov wins face-off versus Dominik Simon in River Frogs zone.
9:29 of 3rd period - Minor Penalty to Jared Knight for Holding.
9:30 of 3rd period - Emerson Etem wins face-off versus Aleksander Barkov in River Frogs zone.
9:55 of 3rd period - Shea Theodore is hit by Michael Latta and loses puck.
11:24 of 3rd period - Wrist shot by Shea Theodore.
11:24 of 3rd period - Deflect By Jonathan Huberdeau.
11:24 of 3rd period - Goal by Shea Theodore - River Frogs : 1 - Checkers : 1.
11:25 of 3rd period - Emerson Etem wins face-off versus Michael Latta in neutral zone.
11:29 of 3rd period - Penalty to Jared Knight is over, Jared Knight is back on ice.
11:30 of 3rd period - Icing by William Colbert.
11:31 of 3rd period - Michael Latta wins face-off versus Dominik Simon in Checkers zone.
11:44 of 3rd period - Wrist shot by Michael Latta.
11:44 of 3rd period - Deflect By Jerry D'Amigo.
11:44 of 3rd period - Shot Blocked by Shea Theodore.
11:44 of 3rd period - Puck is out of play.
11:45 of 3rd period - Dominik Simon wins face-off versus Aleksander Barkov in River Frogs zone.
11:45 of 3rd period - Dominik Simon is hit by Jonathan Huberdeau.
12:01 of 3rd period - Snap shot by Aleksander Barkov.
12:01 of 3rd period - Stopped by Thomas Greiss with a rebound.
12:11 of 3rd period - Snap shot by Jerry D'Amigo.
12:11 of 3rd period - Shot Blocked by Matt Calvert.
12:13 of 3rd period - Backhand shot by Kerby Rychel.
12:13 of 3rd period - Deflect By Jerry D'Amigo.
12:13 of 3rd period - Stopped by Thomas Greiss with a rebound.
12:15 of 3rd period - Wrist shot by Jerry D'Amigo.
12:15 of 3rd period - Goal by Jerry D'Amigo - River Frogs : 1 - Checkers : 2.
12:16 of 3rd period - Aleksander Barkov wins face-off versus Dominik Simon in neutral zone.
12:21 of 3rd period - Wrist shot by Aleksander Barkov.
12:21 of 3rd period - Shot Blocked by Shea Theodore.
13:28 of 3rd period - Slapshot by Austin Watson.
13:28 of 3rd period - Goal by Austin Watson - River Frogs : 2 - Checkers : 2.
13:29 of 3rd period - Aleksander Barkov wins face-off versus Dominik Simon in neutral zone.
13:40 of 3rd period - Snap shot by Shea Theodore.
13:40 of 3rd period - Shot Blocked by Markus Nutivaara.
13:42 of 3rd period - Slapshot by Roman Josi.
13:42 of 3rd period - Stopped by Igor Bobkov with a rebound.
13:44 of 3rd period - Snap shot by Dominik Simon.
13:44 of 3rd period - Stopped by Igor Bobkov without a rebound.
13:45 of 3rd period - Michael Latta wins face-off versus Jared Knight in Checkers zone.
13:45 of 3rd period - Michael Latta is hit by Shea Theodore.
13:56 of 3rd period - Markus Nutivaara is hit by Matt Calvert and loses puck.
14:11 of 3rd period - Roman Josi is hit by Aleksander Barkov and loses puck.
14:34 of 3rd period - Slapshot by Ryan Fitzgerald.
14:34 of 3rd period - Shot Misses the Net.
14:36 of 3rd period - Slapshot by Aaron Ness.
14:36 of 3rd period - Stopped by Igor Bobkov without a rebound.
14:37 of 3rd period - Dominik Simon wins face-off versus Aleksander Barkov in Checkers zone.
14:42 of 3rd period - Slapshot by Mitch Marner.
14:42 of 3rd period - Stopped by Igor Bobkov without a rebound.
14:43 of 3rd period - Aleksander Barkov wins face-off versus Emerson Etem in Checkers zone.
14:52 of 3rd period - Wrist shot by Emerson Etem.
14:52 of 3rd period - Goal by Emerson Etem - River Frogs : 3 - Checkers : 2.
14:53 of 3rd period - Tobias Rieder wins face-off versus Dominik Simon in neutral zone.
15:07 of 3rd period - Wrist shot by Emerson Etem.
15:07 of 3rd period - Shot Blocked by Markus Nutivaara.
15:09 of 3rd period - Wrist shot by Dominik Simon.
15:09 of 3rd period - Shot Misses the Net.
15:19 of 3rd period - Ryan Fitzgerald is hit by Jake Virtanen and loses puck.
16:02 of 3rd period - Slapshot by Markus Nutivaara.
16:02 of 3rd period - Stopped by Thomas Greiss with a rebound.
16:04 of 3rd period - Slapshot by Aaron Ekblad.
16:04 of 3rd period - Shot Blocked by Dillon Heatherington.
16:06 of 3rd period - Slapshot by Michael McCarron.
16:06 of 3rd period - Goal by Michael McCarron - River Frogs : 3 - Checkers : 3.
16:07 of 3rd period - Aleksander Barkov wins face-off versus Ryan Fitzgerald in neutral zone.
16:32 of 3rd period - Matt Puempel is hit by Roman Josi and loses puck.
16:39 of 3rd period - Backhand shot by Dominik Simon.
16:39 of 3rd period - Shot Blocked by Jake Virtanen.
16:41 of 3rd period - Wrist shot by Emerson Etem.
16:41 of 3rd period - Shot Blocked by Matt Puempel.
16:43 of 3rd period - Snap shot by Emerson Etem.
16:43 of 3rd period - Stopped by Igor Bobkov with a rebound.
16:55 of 3rd period - Snap shot by Michael Latta.
16:55 of 3rd period - Stopped by Thomas Greiss with a rebound.
16:57 of 3rd period - Slapshot by Michal Jordan.
16:57 of 3rd period - Shot Blocked by Morgan Rielly.
16:59 of 3rd period - Slapshot by Kerby Rychel.
16:59 of 3rd period - Goal by Kerby Rychel - River Frogs : 3 - Checkers : 4.
17:00 of 3rd period - Aleksander Barkov wins face-off versus Justin Florek in neutral zone.
17:25 of 3rd period - Roman Josi is hit by Aaron Ekblad and loses puck.
17:42 of 3rd period - Snap shot by Ondrej Kase.
17:42 of 3rd period - Shot Blocked by Michal Jordan.
17:44 of 3rd period - Wrist shot by Ondrej Kase.
17:44 of 3rd period - Shot Blocked by William Colbert.
18:02 of 3rd period - Snap shot by Justin Florek.
18:02 of 3rd period - Shot Misses the Net.
18:04 of 3rd period - Snap shot by Ryan Fitzgerald.
18:04 of 3rd period - Stopped by Igor Bobkov with a rebound.
18:08 of 3rd period - Slapshot by Ondrej Kase.
18:08 of 3rd period - Shot Misses the Net.
18:14 of 3rd period - Slapshot by Roman Josi.
18:14 of 3rd period - Stopped by Igor Bobkov without a rebound.
18:15 of 3rd period - Dominik Simon wins face-off versus Quinton Howden in Checkers zone.
18:26 of 3rd period - Slapshot by Markus Nutivaara.
18:26 of 3rd period - Shot Blocked by Aaron Ness.
19:10 of 3rd period - River Frogs, Thomas Greiss is pulled from the net.
19:15 of 3rd period - Minor Penalty to Jake Virtanen for Holding.
19:16 of 3rd period - Justin Florek wins face-off versus Michael Latta in Checkers zone.
Goals for this period are 3 for River Frogs vs 4 for Checkers.
Shots for this period are 14 for River Frogs vs 16 for Checkers.